AoeStats
← MottledTitan21

Arena

509477824Analyzed
3v3 RM · 6d ago on Sep 26, 2026· 55m 50s· 6 players
Game mode
Random Map
Map size
Normal (6 player)
Population
200
Speed
Normal
Resources
Standard
Victory
Conquest
Starting age
Dark Age
Ending age
Imperial Age
RankedLock teamsTeams togetherTeam positionsShared explorationLock speedFull tech treeHidden civsTurbo modeCheats
Victory
Defeat
🇨🇴 Gurjaras · Colombia
1606
+12
🇨🇴 Poles · Colombia
1551
+14
🇨🇴 Berbers · Colombia
1532
+15
🇲🇦 Tatars · Morocco
1606
-18
🇳🇱 Magyars · Netherlands
1549
-15
🇳🇱 Hindustanis · Netherlands
1358
-8
VLC | BacTi
10:16 Feudal Age
14:12 Castle Age
13:57 Gold Mining
13:54 Double-Bit Axe
18:10 Loom
21:44 Horse Collar
23:48 Wheelbarrow
24:55 Heavy Plow
28:01 Sanctity
30:32 Imperial Age
28:42 Bloodlines
29:37 Bow Saw
29:39 Scale Barding Armor
31:38 Husbandry
32:21 Chain Barding Armor
32:10 Heavy Camel Rider
33:32 Kshatriyas
34:20 Conscription
35:35 Plate Barding Armor
35:47 Forging
38:10 Iron Casting
38:18 Frontier Guards
39:39 Chemistry
40:35 Light Cavalry
41:37 Hussar
43:01 Crop Rotation
44:01 Hand Cart
43:32 Town Watch
46:35 Elite Chakram Thrower
51:35 Caravan
VLC | _Sr Mike_
10:25 Feudal Age
14:15 Castle Age
13:14 Double-Bit Axe
13:10 Horse Collar
18:58 Loom
19:40 Scale Barding Armor
22:00 Forging
22:03 Bow Saw
23:22 Gold Mining
24:38 Wheelbarrow
24:17 Heavy Plow
26:03 Husbandry
26:34 Stone Mining
27:27 Hand Cart
30:04 Town Watch
33:16 Imperial Age
31:51 Fortified Wall
31:37 Fletching
32:10 Ballistics
32:25 Bloodlines
32:41 Bodkin Arrow
33:42 Padded Archer Armor
33:55 Masonry
33:53 Kasbah
35:04 Chemistry
34:05 Bracer
34:46 Conscription
35:49 Leather Archer Armor
38:18 Elite Camel Archer
40:37 Ring Archer Armor
41:06 Gold Shaft Mining
41:45 Crop Rotation
41:25 Maghrebi Camels
43:25 Thumb Ring
43:44 Siege Engineers
43:17 Cavalier
44:22 Chain Barding Armor
47:14 Plate Barding Armor
49:30 Hoardings
49:49 Iron Casting
49:19 Light Cavalry
50:03 Hussar
51:50 Stone Shaft Mining
52:55 Caravan
57:23 Blast Furnace
VLC | Tithen
10:48 Feudal Age
14:48 Castle Age
12:30 Horse Collar
12:38 Double-Bit Axe
14:16 Loom
14:49 Town Watch
16:02 Bow Saw
15:54 Heavy Plow
20:19 Wheelbarrow
19:48 Town Patrol
20:28 Wheelbarrow
20:27 Gold Mining
26:54 Imperial Age
26:52 Stone Mining
26:57 Fletching
27:07 Padded Archer Armor
27:42 Ballistics
27:58 Crossbowman
28:43 Thumb Ring
28:35 Bodkin Arrow
28:55 Leather Archer Armor
30:32 Chemistry
30:05 Squires
30:20 Arbalester
31:36 Bracer
31:50 Pikeman
36:39 Scale Barding Armor
36:02 Light Cavalry
36:52 Bloodlines
36:43 Husbandry
37:42 Conscription
36:59 Winged Hussar
39:32 Chain Barding Armor
40:11 Forging
41:55 Elite Skirmisher
45:16 Siege Engineers
45:34 Masonry
46:54 Lechitic Legacy
47:48 Iron Casting
48:08 Crop Rotation
49:07 Scale Mail Armor
49:17 Caravan
51:46 Treadmill Crane
53:20 Blast Furnace
52:36 Chain Mail Armor
53:41 Hand Cart
Strider
11:27 Feudal Age
15:00 Castle Age
13:10 Horse Collar
13:16 Double-Bit Axe
30:31 Bow Saw
36:01 Wheelbarrow
36:49 Loom
36:50 Town Watch
37:07 Heavy Plow
38:03 Scale Mail Armor
38:49 Gold Mining
43:14 Imperial Age
41:15 Chain Mail Armor
40:22 Pikeman
43:32 Halberdier
49:05 Arson
51:55 Hand Cart
MottledTitan21
10:49 Feudal Age
14:41 Castle Age
12:51 Horse Collar
13:02 Double-Bit Axe
15:47 Bow Saw
17:08 Heavy Plow
20:45 Wheelbarrow
21:05 Loom
28:44 Imperial Age
26:32 Hand Cart
26:47 Fletching
26:59 Padded Archer Armor
28:49 Scale Barding Armor
28:55 Forging
29:10 Bloodlines
29:01 Husbandry
29:35 Bodkin Arrow
29:34 Gold Mining
29:59 Grand Trunk Road
30:17 Scale Mail Armor
31:45 Two-Man Saw
32:42 Chemistry
32:39 Thumb Ring
31:55 Elite Skirmisher
32:37 Bracer
32:55 Chain Mail Armor
33:09 Leather Archer Armor
34:20 Gold Shaft Mining
33:43 Pikeman
34:24 Squires
34:09 Arson
35:05 Ballistics
36:03 Ring Archer Armor
36:46 Iron Casting
38:48 Conscription
38:26 Light Cavalry
40:08 Blast Furnace
43:20 Hussar
45:21 Chain Barding Armor
48:56 Coinage
52:08 Banking
52:41 Caravan
54:01 Siege Engineers
SUDOX
10:24 Feudal Age
11:26 Double-Bit Axe
14:05 Castle Age
12:46 Horse Collar
15:50 Bow Saw
24:37 Scale Barding Armor
25:39 Gold Mining
26:05 Husbandry
26:06 Loom
30:40 Imperial Age
29:01 Forging
29:18 Chain Barding Armor
30:32 Iron Casting
30:53 Wheelbarrow
31:00 Heavy Camel Rider
31:51 Bloodlines
33:23 Blast Furnace
33:19 Herbal Medicine
33:26 Town Watch
33:57 Hand Cart
36:37 Plate Barding Armor
35:56 Fletching
36:29 Ballistics
37:40 Conscription
37:59 Bodkin Arrow
39:34 Silk Armor
41:08 Light Cavalry
43:21 Silk Armor
42:59 Hussar
47:02 Heavy Plow
Connection lost

Rejoining the realm…

Still unreachable

The connection could not be restored.

Session expired

The server has moved on; the page needs a fresh start.